| TOP OF THE 1ST |
|
Oklahoma City Dodgers batting - Pitching for Gwinnett Braves : LHP Brian Gregory
|
|
Pitching: LHP Brian Gregory
|
|
|
Batting: RHB Theo Schepers
|
0-0: Ball 1-0: Ball 2-0: Foul Ball, location: 2F 2-1: Foul Ball, location: 2F 2-2: Foul Ball, location: 2F 2-2: Ball 3-2: DOUBLE (Line Drive, 7LD, EV 107.5 MPH)
|
|
Batting: RHB Jeremy Giesler
|
0-0: Ball 1-0: Swinging Strike Passed Ball! Theo Schepers to third 1-1: Foul Ball, location: 2F 1-2: Strikes out swinging
|
|
Batting: LHB Steve Pond
|
0-0: Ball 1-0: Foul Ball, location: 2F 1-1: SINGLE (Flyball, 34D, EV 90.6 MPH) Theo Schepers scores
|
|
Batting: RHB Curt Earnest
|
0-0: Swinging Strike 0-1: Ground out 4-3 (Groundball, 34, EV 108.1 MPH) Steve Pond to second
|
|
Batting: LHB Jose Robles
|
0-0: Ball 1-0: Called Strike 1-1: Fly out, F8 (Line Drive, 78M, EV 88.8 MPH)
|
| Top of the 1st over - 1 run, 2 hits, 0 errors, 1 left on base; Oklahoma City 1 - Gwinnett 0 |
| BOTTOM OF THE 1ST |
|
Gwinnett Braves batting - Pitching for Oklahoma City Dodgers : RHP Santiago Montero
|
|
Pitching: RHP Santiago Montero
|
|
|
Batting: RHB Edgar Castillo
|
0-0: Ball 1-0: SINGLE (Groundball, 4MD, EV 103.8 MPH)
|
|
Batting: LHB Chris Locklear
|
0-0: Called Strike 0-1: Swinging Strike 0-2: Ball 1-2: Strikes out looking
|
|
Batting: SHB Brian Bagley
|
0-0: Grounds into double play, 4-6-3 (Groundball, 4, EV 101.9 MPH)
|
| Bottom of the 1st over - 0 runs, 1 hit, 0 errors, 0 left on base; Oklahoma City 1 - Gwinnett 0 |
| TOP OF THE 2ND |
|
Oklahoma City Dodgers batting - Pitching for Gwinnett Braves : LHP Brian Gregory
|
|
Batting: RHB Mike Dodson
|
0-0: Called Strike 0-1: Ball 1-1: Ball 2-1: Foul Ball, location: 2F 2-2: Strikes out swinging
|
|
Batting: LHB Chris Fandino
|
0-0: Ball 1-0: Ball 2-0: Ball 3-0: Foul Ball, location: 2F 3-1: Foul Ball, location: 2F 3-2: Strikes out swinging
|
|
Batting: RHB Carlos Talavera
|
0-0: Fly out, F3 (Popup, 23F, EV 85.6 MPH)
|
| Top of the 2nd over - 0 runs, 0 hits, 0 errors, 0 left on base; Oklahoma City 1 - Gwinnett 0 |
| BOTTOM OF THE 2ND |
|
Gwinnett Braves batting - Pitching for Oklahoma City Dodgers : RHP Santiago Montero
|
|
Batting: SHB Bob Morales
|
0-0: Called Strike 0-1: Ball 1-1: Ball 2-1: Swinging Strike 2-2: Foul Ball, location: 2F 2-2: Ball 3-2: Base on Balls
|
|
Batting: RHB Dave Nickerson
|
0-0: Ball Bob Morales is caught stealing 2nd base 2-4 1-0: Fly out, F6 (Popup, 6MS, EV 79.4 MPH)
|
|
Batting: RHB Alex Munoz
|
0-0: Called Strike 0-1: Ball 1-1: SINGLE (Flyball, 56D, EV 87.5 MPH)
|
|
Batting: RHB John Peterson
|
0-0: Called Strike 0-1: Called Strike 0-2: Foul Ball, location: 2F 0-2: SINGLE (Groundball, 6S, EV 75.6 MPH) (infield hit) Alex Munoz to second
|
|
Batting: RHB Mike Meeker
|
0-0: Called Strike 0-1: Foul Ball, location: 2F 0-2: Strikes out swinging
|
| Bottom of the 2nd over - 0 runs, 2 hits, 0 errors, 2 left on base; Oklahoma City 1 - Gwinnett 0 |
| TOP OF THE 3RD |
|
Oklahoma City Dodgers batting - Pitching for Gwinnett Braves : LHP Brian Gregory
|
|
Batting: LHB Robin More
|
0-0: Ball 1-0: Ground out U3 (Groundball, 3, EV 83.1 MPH)
|
|
Batting: RHB Theo Schepers
|
0-0: Ball 1-0: Swinging Strike 1-1: Foul Ball, location: 2F 1-2: Ball 2-2: Foul Ball, location: 2F 2-2: Ball 3-2: SINGLE (Groundball, 4S, EV 68.1 MPH) (infield hit)
|
|
Batting: RHB Jeremy Giesler
|
0-0: Called Strike 0-1: Ball 1-1: Called Strike 1-2: Foul Ball, location: 2F 1-2: Ball 2-2: Strikes out looking
|
|
Batting: LHB Steve Pond
|
0-0: Called Strike 0-1: Called Strike 0-2: Foul Ball, location: 2F 0-2: Ball Theo Schepers is caught stealing 2nd base 2-6
|
| Top of the 3rd over - 0 runs, 1 hit, 0 errors, 0 left on base; Oklahoma City 1 - Gwinnett 0 |
| BOTTOM OF THE 3RD |
|
Gwinnett Braves batting - Pitching for Oklahoma City Dodgers : RHP Santiago Montero
|
|
Batting: RHB Riley Nasiir
|
0-0: Called Strike 0-1: Ball 1-1: Swinging Strike 1-2: Fly out, F8 (Flyball, 89M, EV 83.8 MPH)
|
|
Batting: RHB Edgar Castillo
|
0-0: Ball 1-0: Called Strike 1-1: Ground out 4-3 (Groundball, 34, EV 88.8 MPH)
|
|
Batting: LHB Chris Locklear
|
0-0: SINGLE (Groundball, 3D, EV 101.9 MPH)
|
|
Batting: SHB Brian Bagley
|
0-0: Ball 1-0: Foul Ball, location: 2F 1-1: Fly out, F5 (Popup, 56S, EV 81.2 MPH)
|
| Bottom of the 3rd over - 0 runs, 1 hit, 0 errors, 1 left on base; Oklahoma City 1 - Gwinnett 0 |
| TOP OF THE 4TH |
|
Oklahoma City Dodgers batting - Pitching for Gwinnett Braves : LHP Brian Gregory
|
|
Batting: LHB Steve Pond
|
0-0: Called Strike 0-1: Foul Ball, location: 2F 0-2: Ball 1-2: Ball 2-2: SINGLE (Groundball, 4D, EV 99.4 MPH)
|
|
Batting: RHB Curt Earnest
|
0-0: Called Strike 0-1: Swinging Strike 0-2: Foul Ball, location: 2F 0-2: Ball 1-2: Foul Ball, location: 2F 1-2: Ball 2-2: Ball 3-2: Foul Ball, location: 2F 3-2: Base on Balls Steve Pond to second
|
|
Batting: LHB Jose Robles
|
0-0: Called Strike 0-1: Ball 1-1: Called Strike 1-2: Grounds into double play, 4-6-3 (Groundball, 4S, EV 82.5 MPH) Steve Pond to third
|
|
Batting: RHB Mike Dodson
|
0-0: Ball 1-0: Ball 2-0: Called Strike 2-1: Ball 3-1: Foul Ball, location: 2F 3-2: Foul Ball, location: 2F 3-2: Ground out 2-3 (Groundball, 2R, EV 66.9 MPH)
|
| Top of the 4th over - 0 runs, 1 hit, 0 errors, 1 left on base; Oklahoma City 1 - Gwinnett 0 |
| BOTTOM OF THE 4TH |
|
Gwinnett Braves batting - Pitching for Oklahoma City Dodgers : RHP Santiago Montero
|
|
Batting: SHB Bob Morales
|
0-0: Ball 1-0: Ball 2-0: Called Strike 2-1: Ball 3-1: Foul Ball, location: 2F 3-2: Base on Balls
|
|
Batting: RHB Dave Nickerson
|
0-0: Swinging Strike 0-1: Swinging Strike 0-2: Fly out, F8 (Flyball, 8LXD, EV 96.2 MPH)
|
|
Batting: RHB Alex Munoz
|
0-0: Ball 1-0: Foul Ball, location: 2F 1-1: Called Strike 1-2: Strikes out swinging
|
|
Batting: RHB John Peterson
|
0-0: Called Strike 0-1: Ground out 4-3 (Groundball, 4, EV 83.8 MPH)
|
| Bottom of the 4th over - 0 runs, 0 hits, 0 errors, 1 left on base; Oklahoma City 1 - Gwinnett 0 |
| TOP OF THE 5TH |
|
Oklahoma City Dodgers batting - Pitching for Gwinnett Braves : LHP Brian Gregory
|
|
Batting: LHB Chris Fandino
|
0-0: Fly out, F8 (Flyball, 8LD, EV 96.2 MPH)
|
|
Batting: RHB Carlos Talavera
|
0-0: DOUBLE (Groundball, 5L, EV 109.4 MPH)
|
|
Batting: LHB Robin More
|
0-0: DOUBLE (Line Drive, 5D, EV 101.9 MPH) Carlos Talavera scores
|
|
Batting: RHB Theo Schepers
|
0-0: Ball 1-0: Fly out, F9 (Flyball, 9, EV 85.0 MPH)
|
|
Batting: RHB Jeremy Giesler
|
0-0: Ball 1-0: Swinging Strike 1-1: Ground out 4-3 (Groundball, 4M, EV 85.6 MPH)
|
| Top of the 5th over - 1 run, 2 hits, 0 errors, 1 left on base; Oklahoma City 2 - Gwinnett 0 |
| BOTTOM OF THE 5TH |
|
Gwinnett Braves batting - Pitching for Oklahoma City Dodgers : RHP Santiago Montero
|
|
Batting: RHB Mike Meeker
|
0-0: Called Strike 0-1: Ball 1-1: Ball 2-1: Foul Ball, location: 2F 2-2: Foul Ball, location: 2F 2-2: Ball 3-2: Base on Balls
|
|
Batting: RHB Riley Nasiir
|
0-0: Ball 1-0: Ball 2-0: Foul Ball, location: 2F 2-1: Ball 3-1: Fly out, F8 (Flyball, 78M, EV 82.5 MPH)
|
|
Batting: RHB Edgar Castillo
|
0-0: Called Strike 0-1: Foul Ball, location: 2F 0-2: Strikes out swinging
|
|
Batting: LHB Chris Locklear
|
0-0: 2-RUN HOME RUN (Flyball, 9LD, EV 92.5 MPH), Distance : 347 ft
|
|
Batting: SHB Brian Bagley
|
0-0: Ball 1-0: Called Strike 1-1: Swinging Strike 1-2: Strikes out swinging
|
| Bottom of the 5th over - 2 runs, 1 hit, 0 errors, 0 left on base; Oklahoma City 2 - Gwinnett 2 |
| TOP OF THE 6TH |
|
Oklahoma City Dodgers batting - Pitching for Gwinnett Braves : LHP Brian Gregory
|
|
Batting: LHB Steve Pond
|
0-0: Swinging Strike 0-1: SINGLE (Groundball, 3D, EV 100.6 MPH)
|
|
Batting: RHB Curt Earnest
|
0-0: Ball 1-0: Grounds into double play, 5-4-3 (Groundball, 56, EV 104.4 MPH)
|
|
Batting: LHB Jose Robles
|
0-0: Ball 1-0: Foul Ball, location: 2F 1-1: Ball 2-1: Fly out, F8 (Line Drive, 78D, EV 105.0 MPH)
|
| Top of the 6th over - 0 runs, 1 hit, 0 errors, 0 left on base; Oklahoma City 2 - Gwinnett 2 |
| BOTTOM OF THE 6TH |
|
Gwinnett Braves batting - Pitching for Oklahoma City Dodgers : RHP Santiago Montero
|
|
Batting: SHB Bob Morales
|
0-0: Called Strike 0-1: Ball 1-1: Called Strike 1-2: Ball 2-2: Strikes out swinging
|
|
Batting: RHB Dave Nickerson
|
0-0: Ball 1-0: Fly out, F7 (Flyball, 7D, EV 83.1 MPH)
|
|
Batting: RHB Alex Munoz
|
0-0: Ball 1-0: Foul Ball, location: 2F 1-1: Ball 2-1: Foul Ball, location: 2F 2-2: Foul Ball, location: 2F 2-2: Ball 3-2: Foul Ball, location: 2F 3-2: DOUBLE (Line Drive, 7LD, EV 108.1 MPH)
|
|
Pitching: RHP Edwin Carrasco
|
|
|
Batting: RHB John Peterson
|
0-0: Swinging Strike 0-1: Foul Ball, location: 2F 0-2: Ball 1-2: Fly out, F7 (Line Drive, 78M, EV 93.8 MPH)
|
| Bottom of the 6th over - 0 runs, 1 hit, 0 errors, 1 left on base; Oklahoma City 2 - Gwinnett 2 |
| TOP OF THE 7TH |
|
Oklahoma City Dodgers batting - Pitching for Gwinnett Braves : LHP Brian Gregory
|
|
Batting: RHB Mike Dodson
|
0-0: Swinging Strike 0-1: Foul Ball, location: 2F 0-2: Ball 1-2: Ball 2-2: Ball 3-2: Strikes out swinging
|
|
Batting: LHB Chris Fandino
|
0-0: Called Strike 0-1: Called Strike 0-2: Ball 1-2: Ball 2-2: Ball 3-2: SINGLE (Line Drive, 8RS, EV 112.5 MPH)
|
|
Pitching: LHP Justin Sullins
|
|
|
Batting: RHB Carlos Talavera
|
0-0: Called Strike 0-1: Foul Ball, location: 2F 0-2: Foul Ball, location: 2F 0-2: Ball 1-2: Ball 2-2: Strikes out swinging
|
|
Batting: LHB Robin More
|
0-0: Ball 1-0: DOUBLE (Flyball, 89XD, EV 110.6 MPH) Chris Fandino to third
|
|
Batting: RHB Theo Schepers
|
0-0: Foul Ball, location: 2F 0-1: Ball 1-1: Swinging Strike 1-2: Foul Ball, location: 2F 1-2: Foul Ball, location: 2F 1-2: Ball 2-2: Foul Ball, location: 2F 2-2: Strikes out swinging
|
| Top of the 7th over - 0 runs, 2 hits, 0 errors, 2 left on base; Oklahoma City 2 - Gwinnett 2 |
| BOTTOM OF THE 7TH |
|
Gwinnett Braves batting - Pitching for Oklahoma City Dodgers : RHP Edwin Carrasco
|
|
Batting: RHB Mike Meeker
|
0-0: Called Strike 0-1: Ball 1-1: Ball 2-1: Foul Ball, location: 2F 2-2: Foul Ball, location: 2F 2-2: Ball 3-2: Base on Balls
|
|
Batting: RHB Riley Nasiir
|
0-0: Sac Bunt to 25 - play at first, batter OUT! 5-3 Mike Meeker to second
|
|
Batting: RHB Edgar Castillo
|
0-0: Called Strike 0-1: Ball 1-1: Ball 2-1: Ball 3-1: Foul Ball, location: 2F 3-2: Base on Balls
|
|
Batting: LHB Chris Locklear
|
0-0: Ball 1-0: Called Strike 1-1: Ball 2-1: Foul Ball, location: 2F 2-2: Ball 3-2: Grounds into double play, 6-4-3 (Groundball, 6, EV 106.9 MPH)
|
| Bottom of the 7th over - 0 runs, 0 hits, 0 errors, 1 left on base; Oklahoma City 2 - Gwinnett 2 |
| TOP OF THE 8TH |
|
Oklahoma City Dodgers batting - Pitching for Gwinnett Braves : LHP Justin Sullins
|
|
Batting: RHB Jeremy Giesler
|
0-0: Called Strike 0-1: Swinging Strike 0-2: Ball 1-2: Ball 2-2: SINGLE (Flyball, 8LS, EV 95.6 MPH)
|
|
Batting: LHB Steve Pond
|
0-0: Swinging Strike 0-1: Swinging Strike 0-2: Ball 1-2: Grounds into double play, 4-6-3 (Groundball, 4, EV 83.8 MPH)
|
|
Batting: RHB Curt Earnest
|
0-0: Called Strike 0-1: Ball 1-1: Ball 2-1: Ball 3-1: Base on Balls
|
|
Batting: LHB Jose Robles
|
0-0: Ball Curt Earnest steals 2nd base 1-0: Ball 2-0: Fly out, F7 (Flyball, 7, EV 88.8 MPH)
|
| Top of the 8th over - 0 runs, 1 hit, 0 errors, 1 left on base; Oklahoma City 2 - Gwinnett 2 |
| BOTTOM OF THE 8TH |
|
Gwinnett Braves batting - Pitching for Oklahoma City Dodgers : RHP Edwin Carrasco
|
|
Batting: SHB Brian Bagley
|
0-0: Ball 1-0: Called Strike 1-1: Called Strike 1-2: Strikes out swinging
|
|
Batting: SHB Bob Morales
|
0-0: Ball 1-0: Called Strike 1-1: Called Strike 1-2: Ball 2-2: Ground out 4-3 (Groundball, 4, EV 102.5 MPH)
|
|
Batting: RHB Dave Nickerson
|
0-0: Called Strike 0-1: Foul Ball, location: 2F 0-2: Ball 1-2: Fly out, F7 (Line Drive, 7, EV 91.9 MPH)
|
| Bottom of the 8th over - 0 runs, 0 hits, 0 errors, 0 left on base; Oklahoma City 2 - Gwinnett 2 |
| TOP OF THE 9TH |
|
Oklahoma City Dodgers batting - Pitching for Gwinnett Braves : LHP Justin Sullins
|
|
Pitching: RHP Chong-hun Park
|
|
|
Pinch Hitting: LHB Darrell Ortega
|
0-0: Ground out U3 (Groundball, 3, EV 88.1 MPH)
|
|
Batting: LHB Chris Fandino
|
0-0: Foul Ball, location: 2F 0-1: Swinging Strike 0-2: Ball 1-2: Fly out, F8 (Flyball, 8RM, EV 85.6 MPH)
|
|
Batting: RHB Carlos Talavera
|
0-0: Fly out, F6 (Popup, 6M, EV 73.1 MPH)
|
| Top of the 9th over - 0 runs, 0 hits, 0 errors, 0 left on base; Oklahoma City 2 - Gwinnett 2 |
| BOTTOM OF THE 9TH |
|
Gwinnett Braves batting - Pitching for Oklahoma City Dodgers : RHP Edwin Carrasco
|
|
Pitching: RHP Takashi Kashiwabara
|
|
|
Now at 3B: Chris Raymond
|
|
|
Now at SS: Curt Earnest
|
|
|
Batting: RHB Alex Munoz
|
0-0: Ball 1-0: Called Strike 1-1: Called Strike 1-2: Ground out 5-3 (Groundball, 5S, EV 78.1 MPH)
|
|
Pinch Hitting: LHB Mark Buchholz
|
0-0: Ball 1-0: Fly out, F8 (Line Drive, 8LS, EV 95.6 MPH)
|
|
Batting: RHB Mike Meeker
|
0-0: Called Strike 0-1: Reached on error, E6 (Groundball, 6, EV 89.4 MPH)
|
|
Batting: RHB Riley Nasiir
|
0-0: Ball 1-0: Ball 2-0: Ground out 6-3 (Groundball, 6S, EV 90.6 MPH)
|
| Bottom of the 9th over - 0 runs, 0 hits, 1 error, 1 left on base; Oklahoma City 2 - Gwinnett 2 |
| TOP OF THE 10TH |
|
Oklahoma City Dodgers batting - Pitching for Gwinnett Braves : RHP Chong-hun Park
|
|
Now at C: Eric Reeser
|
|
|
Batting: LHB Robin More
|
0-0: Called Strike 0-1: Foul Ball, location: 2F 0-2: Ball 1-2: Foul Ball, location: 2F 1-2: Ball 2-2: Ball 3-2: Foul Ball, location: 2F 3-2: Ground out U3 (Groundball, 3D, EV 85.0 MPH)
|
|
Batting: RHB Theo Schepers
|
0-0: Ball 1-0: Ball 2-0: Fly out, F5 (Popup, 56S, EV 74.4 MPH)
|
|
Batting: RHB Jeremy Giesler
|
0-0: Ball 1-0: Swinging Strike 1-1: Foul Ball, location: 2F 1-2: Ground out 4-3 (Groundball, 4, EV 100.0 MPH)
|
| Top of the 10th over - 0 runs, 0 hits, 0 errors, 0 left on base; Oklahoma City 2 - Gwinnett 2 |
| BOTTOM OF THE 10TH |
|
Gwinnett Braves batting - Pitching for Oklahoma City Dodgers : RHP Takashi Kashiwabara
|
|
Pitching: RHP Juan Hurtado
|
|
|
Batting: RHB Edgar Castillo
|
0-0: Ball 1-0: Called Strike 1-1: Swinging Strike 1-2: Ball 2-2: Foul Ball, location: 2F 2-2: Strikes out swinging
|
|
Batting: LHB Chris Locklear
|
0-0: Ball 1-0: Foul Ball, location: 2F 1-1: SOLO HOME RUN (Flyball, 9D, EV 96.2 MPH), Distance : 375 ft
|
| Bottom of the 10th over - 1 run, 1 hit, 0 errors, 0 left on base; Oklahoma City 2 - Gwinnett 3 |
|